 Dungeon Crawl Stone Soup version 0.24.0-125-gc4c63601f3 (webtiles) character file.

Game seed: 13965481260815732477, levelgen mode: deterministic

39 LraC the Grave Robber (level 3, 0/24 HPs)
             Began as a Demonspawn Necromancer on Mar 5, 2020.
             Slain by an orc
             ... wielding a +1 mace of protection
              (5 damage)
             ... on level 2 of the Dungeon.
             The game lasted 00:14:12 (1780 turns).

LraC the Grave Robber (Demonspawn Necromancer)      Turns: 1780, Time: 00:14:12

Health: 0/24       AC:  2    Str:  8    XL:     3   Next: 26%
Magic:  0/6        EV: 12    Int: 17    God:
Gold:   56         SH:  0    Dex: 13    Spells: 4/6 levels left

rFire    . . .     SeeInvis .   i - +0 dagger
rCold    . . .     Gourm    .   (no shield)
rNeg     . . .     Faith    .   a - +0 robe
rPois    .         Spirit   .   (no helmet)
rElec    .         Reflect  .   (no cloak)
rCorr    .         Harm     .   (no gloves)
MR       .....                  (no boots)
Stlth    ++........             (no amulet)
HPRegen  0.08/turn              (no ring)
MPRegen  0.10/turn              (no ring)

@: very slightly contaminated
A: hooves 1, spiny 1
a: no special abilities


You were on level 2 of the Dungeon.
You were not hungry.

You visited 1 branch of the dungeon, and saw 2 of its levels.

You collected 56 gold pieces.

Inventory:

Hand Weapons
 d - a +0 short sword
 e - a +0 hand axe
 g - a +0 short sword
 h - a +0 club
 i - a +0 dagger (weapon)
 j - a cursed -1 club
 p - a +0 falchion
 q - a +0 dagger
Missiles
 b - 101 stones (quivered)
 k - 23 bolts
Armour
 a - a +0 robe (worn)
 f - a +0 ring mail
 o - a +0 leather armour
Scrolls
 l - 2 scrolls of teleportation
 m - 2 scrolls of identify
 r - a scroll of remove curse
Comestibles
 c - 2 rations


   Skills:
 + Level 0.3 Fighting
 + Level 2.0 Dodging
 + Level 1.9 Stealth
 + Level 2.3 Spellcasting
 + Level 5.1 Necromancy


You had 4 spell levels left.
You knew the following spells:

 Your Spells              Type           Power        Failure   Level  Hunger
a - Pain                  Necr           ###.         2%          1    #......
b - Animate Skeleton      Necr           N/A          2%          1    #......

Your spell library contained the following spells:

 Spells                   Type           Power        Failure   Level  Hunger
 Vampiric Draining        Necr           ###.......   7%          3    ###....
 Regeneration             Chrm/Necr      ##........   19%         3    ###....
 Animate Dead             Necr           N/A          22%         4    #####..


Dungeon Overview and Level Annotations

Branches:
Dungeon (2/15)

Altars:


Innate Abilities, Weirdness & Mutations

You have large cloven feet.
You are partially covered in sharp spines.


Message History

The orc barely misses you.
Casting: Pain (safe; 2% risk of failure)
Confirm with . or Enter, or press ? or * to list all spells.
Aiming: Pain (safe; 2% risk of failure)
Press: ? - help, Shift-Dir - straight line, f/p - orc
Aim: an orc, wielding a +0 mace (severely wounded, chance to defeat MR: 89%)
You miscast Pain.
You are very lightly contaminated with residual magic.
Nothing appears to happen.
The orc is struck by your spines.
You kill the orc!
The orc is struck by your spines.
The orc hits you with a +1 mace of protection.
* * * LOW HITPOINT WARNING * * *
Things that are here:
a +0 mace; a scroll of identify; an orc corpse
Okay, then.
You hit the orc but do no damage.
The orc is lightly wounded.
The orc hits you with a +1 mace of protection.
You die...

#### ...#
############.# ##.##
#....@oo..)$.# ....#
######.##########.....
##..###......# #####
...
..........#..###...# .
##..........>......#
#.####.#.##.###...#
##.#
#.#.##.###...#####
...#
#.#.##....Z.......
####
#.#.##.###...#####


You could see 2 orcs.

Vanquished Creatures
  A worm (D:2)
  A dart slug (D:1)
  3 orcs (D:2)
  4 bats (D:1)
  2 giant cockroaches
  4 goblins (D:1)
  2 hobgoblins (D:1)
  A jackal (D:1)
  2 frilled lizards (D:1)
  3 kobolds (D:2)
  A rat (D:2)
24 creatures vanquished.

Vanquished Creatures (collateral kills)
  An ooze (D:1)
  A hobgoblin (D:1)
  A ball python (D:1)
3 creatures vanquished.

Grand Total: 27 creatures vanquished

Notes
Turn   | Place    | Note
-------+----------+-------------------------------------------
     0 | D:1      | LraC the Demonspawn Necromancer began the quest for the
                  | Orb.
     0 | D:1      | Reached XP level 1. HP: 13/13 MP: 3/3
     6 | D:1      | Learned a level 1 spell: Animate Skeleton
   282 | D:1      | Gained mutation: You have large cloven feet. [demonic
                  | ancestry]
   282 | D:1      | Reached XP level 2. HP: 17/19 MP: 1/5
   390 | D:1      | Reached skill level 5 in Necromancy
  1704 | D:2      | Gained mutation: You are partially covered in sharp spines.
                  | [demonic ancestry]
  1704 | D:2      | Reached XP level 3. HP: 23/24 MP: 3/6
  1770 | D:2      | HP: 1/24 [orc/+0 mace (11)]
  1780 | D:2      | Slain by an orc

Levels and vault maps discovered:
D:1:      doesnt_arrival_eight_statues, layout_basic, minmay_split_cup_large
D:2:      layout_loops_ring, lemuel_round_altar

Skill      XL: |  1  2 |
---------------+-------+-----
Dodging        | 2 |  2.0
Necromancy     | 5 |  5.1
Fighting       | |  0.3
Stealth        | |  1.9
Spellcasting   | |  2.3

Action                   || total
-------------------------++-------
Melee: Short sword       ||    10
       Kick              ||     9
       Dagger            ||    10
 Cast: Pain              ||    38
       Animate Skeleton  ||     8
  Use: Scroll            ||     5
       Potion            ||     3
  Eat: Ration            ||     1
       Chunk             ||     1
Armor: Robe              ||     3
Dodge: Dodged            ||    22
